 Dungeon Crawl Stone Soup version 0.31-a0-968-g24f9ace8b5 (webtiles) character file.

Game seed: 17294472737849726573

521 Gladio the Cudgeller (level 7, -1/55 HPs)
             Began as a Human Fighter on Oct 27, 2023.
             Slain by an orc
             ... wielding a +0 short sword
              (3 damage)
             ... on level 4 of the Dungeon.
             The game lasted 00:04:22 (2635 turns).

Gladio the Cudgeller (Human Fighter)                Turns: 2635, Time: 00:04:23

Health: -1/55      AC: 11    Str: 25    XL:     7   Next: 46%
Magic:  7/7        EV:  8    Int:  8    God:
Gold:   166        SH:  0    Dex: 12    Spells: 6/6 levels left

rFire   . . .        a - +0 flail
rCold   . . .        c - +0 buckler
rNeg    . . .        p - +0 chain mail
rPois   .            o - +1 helmet
rElec   .            (no cloak)
rCorr   .            (no gloves)
SInv    +            (no boots)
Will    .....        n - amulet of regeneration Stlth
                     f - ring of see invisible
HPRegen 1.09/turn    r - +6 ring of strength
MPRegen 0.10/turn

%: no passive effects
@: confused, brilliant, lethally poisoned (-1 -> -16)
A: no striking features
a: no special abilities


You were on level 4 of the Dungeon.
You visited 1 branch of the dungeon, and saw 4 of its levels.

You collected 166 gold pieces.

Inventory:

Hand Weapons
 a - a +0 flail (weapon)
Missiles
 s - 4 boomerangs (quivered)
Armour
 b - a +0 scale mail
 c - a +0 buckler (worn)
 o - a +1 helmet (worn)
 p - a +0 chain mail (worn)
Jewellery
 f - a ring of see invisible (left hand)
 n - an amulet of regeneration (around neck)
 r - a +6 ring of strength (right hand)
Scrolls
 d - a scroll of fog {unknown}
 e - a scroll of teleportation {unknown}
 g - 4 scrolls of enchant armour {unknown}
 h - a scroll of brand weapon {unknown}
 i - a scroll of vulnerability {unknown}
 l - 2 scrolls of identify {unknown}
 m - a scroll of acquirement {unknown}
 q - a scroll of amnesia {unknown}


   Skills:
 + Level 4.4 Fighting
 * Level 5.0 Maces & Flails
 + Level 4.4 Armour
 + Level 4.4 Shields


You had 6 spell levels left.
You didn't know any spells.
Your spell library was empty.

Dungeon Overview and Level Annotations

Branches:
Dungeon (4/15)
 Temple: D:4-7

Altars:


Message History

The magic dart hits you but does no damage.
Unknown command.
You're too confused to move!
You feel sick.
The orc hits you from afar with a +4 spear of venom.
You are more poisoned.
The orc wizard barely misses you.
You bump into the rock wall.
You feel very sick.
The orc hits you from afar with a +4 spear of venom.
You are more poisoned.
The orc wizard completely misses you.
You bump into the rock wall.
You feel very sick.
The orc priest calls down the wrath of Beogh upon you.
The orc wizard writhes in agony!
The orc wizard dies!
The orc hits you but does no damage.
You are more poisoned.
You miss the orc.
You feel extremely sick. The orc closely misses you.
The orc hits you from afar with a +4 spear of venom.
You are more poisoned.
You bump into the rock wall.
You feel extremely sick. The orc hits you with a +0 short sword.
The orc hits you from afar with a +4 spear of venom.
You are lethally poisoned!
* * * LOW HITPOINT WARNING * * *
You feel extremely sick.
You're too confused to move!
* * * LOW HITPOINT WARNING * * *
You feel extremely sick. The orc hits you but does no damage.
You are more poisoned.
The orc closely misses you.
* * * LOW HITPOINT WARNING * * *
You feel extremely sick. The orc attacks as it pursues you!
The orc hits you with a +0 short sword.
You die...

#.. #.# # ####.##.#
# #@.......
#.##o##.#.## #
#.o)...?#.##.#
#.##.##.....!# #
#†##.#.## #......#
#### #####....#
#.... #.......#...#
#.....##.###...##...


You could see an orc.

Vanquished Creatures
  Sigmund (D:2)
  A phantom (D:4)
  3 sleepcaps
  An iguana (D:3)
  Robin (D:2)
  7 adders
  2 dart slugs
  4 ball pythons
  3 bats
  6 endoplasms
  3 giant cockroaches
  5 hobgoblins
  7 jackals
  7 kobolds
  2 quokkas (D:1)
  5 frilled lizards
  23 goblins
  6 rats
87 creatures vanquished.

Vanquished Creatures (others)
  An orc wizard (D:4)
1 creature vanquished.

Grand Total: 88 creatures vanquished

Notes
Turn   | Place    | Note
-------+----------+-------------------------------------------
     0 | D:1      | Gladio the Human Fighter began the quest for the Orb.
     0 | D:1      | Reached XP level 1. HP: 18/18 MP: 1/1
    24 | D:1      | Found a faded altar of an unknown god.
   289 | D:1      | Reached XP level 2. HP: 20/24 MP: 2/2
   448 | D:1      | Reached XP level 3. HP: 21/29 MP: 3/3
  1127 | D:2      | Reached skill level 3 in Maces & Flails
  1127 | D:2      | Reached XP level 4. HP: 15/35 MP: 4/4
  1681 | D:2      | Noticed Robin
  1688 | D:2      | Killed Robin
  1834 | D:2      | Reached XP level 5. HP: 41/41 MP: 5/5
  1864 | D:2      | Noticed Sigmund
  1870 | D:2      | Killed Sigmund
  1871 | D:2      | Reached skill level 4 in Maces & Flails
  1871 | D:2      | Reached XP level 6. HP: 48/48 MP: 6/6
  2368 | D:3      | Reached XP level 7. HP: 54/54 MP: 7/7
  2613 | D:4      | Reached skill level 5 in Maces & Flails
  2635 | D:4      | HP: 2/55 [poisoned by an orc]
  2635 | D:4      | Slain by an orc

Illustrated notes

Levels and vault maps discovered:
D:1:      onia_arrival_mini_spirals, layout_basic,
          shapermc_ecumenical_altar_venn
D:2:      kennysheep_the_goblin_king, layout_loops_ring,
          chequers_decorated_corner, uniq_sigmund, uniq_robin
D:3:      layout_rooms, hellmonk_no_cap
D:4:      layout_loops_cross, minmay_temple_entry_purple_smoke,
          ebering_ghost_sewer_f

Skill      XL: |  1  2  3  4  5  6  7 |
---------------+----------------------+-----
Maces & Flails | 3 4 5 |  5.0
Fighting       | 4 |  4.4
Armour         | 4 |  4.4
Shields        | 4 |  4.4

Action                     |  1- 3 |  4- 6 |  7- 9 || total
---------------------------+-------+-------+-------++-------
  Melee: Flail             |   129 |   179 |    43 ||   351
    Use: Potion            |       |     1 |     2 ||     3
 Armour: Scale mail        |   105 |   108 |       ||   213
         Chain mail        |       |    22 |    44 ||    66
  Dodge: Dodged            |    64 |    80 |    22 ||   166
  Block: Buckler           |    24 |    38 |     9 ||    71

Table legend: (Time is in decaauts)
 A = Elapsed time spent in this place.
 B = Non-inter-level travel time spent in this place.
 C = Inter-level travel time spent in this place.
 D = Time resting spent in this place.
 E = Time spent auto-exploring this place.
 F = Levels seen in this place.
 G = Mean time per level.
                   A        B        C        D        E       F      G
               +--------+--------+--------+--------+--------+-----+--------+
         Total |   2728 |   2517 |    211 |      6 |   1805 |   4 |  682.0 |
       Dungeon |   2728 |   2517 |    211 |      6 |   1805 |   4 |  682.0 |
               +--------+--------+--------+--------+--------+-----+--------+

Top non-repeatable levels by time:
     D:2: 1050 daAuts
     D:1: 994 daAuts
     D:3: 627 daAuts
     D:4: 56 daAuts
